 Dungeon Crawl Stone Soup version 0.30-a0-847-g17996783a1 (webtiles) character file.

Game seed: 16595444658030501143

430 Norrock the Firebug (level 6, -11/40 (45) HPs)
             Began as a Draconian Fire Elementalist on Mar 4, 2023.
             Mangled by a wight
             ... wielding a +1 long sword of freezing
              (12 damage)
             ... on level 5 of the Dungeon.
             The game lasted 00:24:02 (3831 turns).

Norrock the Firebug (Draconian Fire Elementalist)   Turns: 3831, Time: 00:24:03

HP:   -11/40 (45)   AC:  7    Str: 17    XL:     6   Next: 66%
MP:   18/21         EV: 12    Int: 17    God:
Gold: 153           SH:  0    Dex: 11    Spells: 8/13 levels left

rFire   . . .      SeeInvis .    b - +0 dagger (protect)
rCold   + + .      Faith    .    (no shield)
rNeg    . . .      Spirit   .    (body armour unavailable)
rPois   +          Reflect  .    (helmet restricted)
rElec   .          Rampage  .    (no cloak)
rCorr   .                        i - +0 pair of gloves
Will    +++..                    (no boots)
Stlth   ++                       (no amulet)
HPRegen 0.26/turn                f - +6 ring of strength
MPRegen 0.17/turn                h - ring "Hixotrer" {rPois rC++ Will+++ MP+9}

@: mighty, heavily drained
A: AC +6, unfitting armour, cold-blooded
a: no special abilities


You were on level 5 of the Dungeon.
You visited 1 branch of the dungeon, and saw 4 of its levels.
You also visited: Sewer.

You collected 153 gold pieces.

Inventory:

Hand Weapons
 b - a +0 dagger of protection (weapon)
Armour
 i - a +0 pair of gloves (worn)
Jewellery
 f - a +6 ring of strength (left hand)
 h - the ring "Hixotrer" (right hand) {rPois rC++ Will+++ MP+9}
   (You found it in a sewer)

   [ring of magical power]

   rC:        It greatly protects you from cold.
   rPois:     It protects you from poison.
   MP:        It affects your magic capacity (+9).
   Will:      It greatly increases your willpower.
Wands
 g - a wand of flame (9)
Scrolls
 k - a scroll of enchant weapon {unknown}
 l - a scroll of enchant armour {unknown}
 m - a scroll of blinking {unknown}
Potions
 a - a potion of magic
 c - 2 potions of lignification
 d - a potion of curing {unknown}
 e - a potion of haste {unknown}
 j - a potion of might


   Skills:
 - Level 1.7 Dodging
 - Level 1.7 Stealth
 + Level 4.4 Spellcasting
 - Level 2.0 Conjurations
 + Level 2.1 Translocations
 + Level 5.3 Fire Magic


You had 8 spell levels left.
You knew the following spells:

 Your Spells              Type           Power      Damage    Failure   Level
a - Foxfire               Conj/Fire      64%        2x1d7     3%          1
b - Scorch                Fire           42%        2d7       2%          2
c - Blink                 Tloc           20%        N/A       10%         2

Your spell library contained the following spells:

 Spells                   Type           Power      Damage    Failure   Level
 Lesser Beckoning         Tloc           20%        N/A       10%         2
 Momentum Strike          Conj/Tloc      20%        3d8       10%         2
 Inner Flame              Hex/Fire       12%        N/A       16%         3
 Kindle Blastsparks       Fire/Tloc/Air  24%        2d12      16%         3
 Flame Wave               Conj/Fire      16%        2d7       32%         4


Dungeon Overview and Level Annotations

Branches:
Dungeon (3/15)              Sewer (visited)

Altars:
Cheibriados

Shops:
D:3 =


Innate Abilities, Weirdness & Mutations

Your plain brown scales are hard. (AC +6)
You cannot fit into any form of body armour.
You are cold-blooded and may be slowed by cold attacks.


Message History

You miscast Scorch.
You are very lightly contaminated with residual magic.
Nothing appears to happen.
Casting: Scorch (safe; 2% risk of failure)
Confirm with . or Enter, or press ? or * to list all spells.
Flames lash the wight.
The wight is moderately damaged.
The wight's fire resistance burns away.
Casting: Scorch (safe; 2% risk of failure)
Confirm with . or Enter, or press ? or * to list all spells.
Flames lash the wight.
The wight is heavily damaged.
The wight's fire resistance burns away.
The wight hits you with a +1 long sword of freezing!
You feel drained. The wight freezes you.
The wight is no longer more vulnerable to fire.
The wight attacks as you move away!
The wight hits you with a +1 long sword of freezing.
Your magical contamination has completely faded away.
The wight attacks as you move away!
The wight hits you with a +1 long sword of freezing!
* * * LOW HITPOINT WARNING * * *
You feel drained.
* * * LOW HITPOINT WARNING * * *
The wight freezes you.
* * * LOW HITPOINT WARNING * * *
The wight attacks as you move away! The wight barely misses you.
The wight attacks as you move away! The wight closely misses you.
Okay, then.
It was a potion of might.
You feel very mighty all of a sudden. The wight closely misses you.
The wight attacks as you move away!
The wight hits you with a +1 long sword of freezing!
* * * LOW HITPOINT WARNING * * *
You feel drained.
* * * LOW HITPOINT WARNING * * *
The wight attacks as you move away!
The wight hits you with a +1 long sword of freezing!
You die...

#.....######..#
.............##
........####.#
........# #.#
........## #.#
.........###.######
...........#.z..z.##
....#####..z#####..#
...# ##@## ##.# ...
#.# #.# .. #.# #.#
#.# #.# +#.#+ ##z#
#####...#####..#
......⌠..z.....#
####...#####.##
+#.#+ ###


You could see 2 wights.

Vanquished Creatures
  2 bullfrogs (Sewer)
  A killer bee zombie (D:5)
  A mummy (D:5)
  3 gnolls (D:2)
  10 adders
  4 river rats (D:3)
  2 worms (D:3)
  7 orcs (D:3)
  4 bats
  4 endoplasms
  14 giant cockroaches
  4 goblins
  7 hobgoblins
  8 jackals
  6 quokkas
  8 ball pythons
  12 frilled lizards
  4 kobolds
  6 rats
107 creatures vanquished.

Vanquished Creatures (collateral kills)
  A frilled lizard (D:3)
1 creature vanquished.

Vanquished Creatures (others)
  159 foxfires
159 creatures vanquished.

Grand Total: 267 creatures vanquished

Notes
Turn   | Place    | Note
-------+----------+-------------------------------------------
     0 | D:1      | Norrock the Draconian Fire Elementalist began the quest for
                  | the Orb.
     0 | D:1      | Reached XP level 1. HP: 14/14 MP: 3/3
   422 | D:1      | Reached XP level 2. HP: 12/20 MP: 5/5
  1194 | D:2      | Reached XP level 3. HP: 26/26 MP: 2/6
  1327 | D:2      | Reached XP level 4. HP: 25/33 MP: 1/8
  1597 | D:2      | Learned a level 2 spell: Scorch
  1849 | D:2      | Reached skill level 4 in Fire Magic
  2377 | D:3      | Found Wuent's Jewellery Shoppe.
  2555 | D:3      | Reached XP level 5. HP: 37/38 MP: 7/10
  2683 | D:3      | Found a glowing drain.
  2689 | Sewer    | Entered a sewer
  2847 | Sewer    | Learned a level 2 spell: Blink
  3008 | Sewer    | Reached skill level 1 in Translocations
  3008 | Sewer    | Reached skill level 5 in Fire Magic
  3008 | Sewer    | Reached XP level 6. HP: 31/45 MP: 8/12
  3044 | Sewer    | Identified the ring "Hixotrer" {rPois rC++ Will+++ MP+9}
  3342 | D:3      | Found a snail-covered altar of Cheibriados.
  3602 | D:3      | You fall into a shaft and drop 2 floors!
  3602 | D:5      | Entered Level 5 of the Dungeon
  3830 | D:5      | HP: 1/40 [wight/+1 long sword of freezing (3)]
  3831 | D:5      | Mangled by a wight

Illustrated notes

Levels and vault maps discovered:
D:1:      onia_arrival_mini_maze_b, layout_basic, minmay_misc_feat_roman,
          minmay_misc_feat_square, minmay_tripent
D:2:      layout_basic
D:3:      layout_loops_ring, mainiacjoe_overflow_paths,
          lightli_sewer_entry_pipes, serial_shops, nicolae_diamond_shop,
          grunt_ministairs_2
D:5:      layout_rooms, lemuel_mausoleum_altar_yredelemnul,
          grunt_temple_overflow_cloverleaf, gammafunk_ghost_split

Skill      XL: |  1  2  3  4  5  6 |
---------------+-------------------+-----
Conjurations   | 2 |  2.0
Spellcasting   | 3 4 |  4.4
Fire Magic     | 4 5 |  5.3
Translocations | 1 2 |  2.1
Dodging        | |  1.7
Stealth        | |  1.7

Action                     |  1- 3 |  4- 6 || total
---------------------------+-------+-------++-------
  Melee: Dagger            |    63 |   208 ||   271
         Tailslap          |     7 |    28 ||    35
         Punch             |       |     1 ||     1
   Cast: Foxfire           |    38 |    62 ||   100
         Scorch            |       |    25 ||    25
    Use: Scroll            |       |     4 ||     4
         Potion            |       |     1 ||     1
   Stab: Sleeping          |       |     3 ||     3
 Armour: Skin              |    37 |    85 ||   122
  Dodge: Dodged            |    49 |   143 ||   192

Table legend: (Time is in decaauts)
 A = Elapsed time spent in this place.
 B = Non-inter-level travel time spent in this place.
 C = Inter-level travel time spent in this place.
 D = Time resting spent in this place.
 E = Time spent auto-exploring this place.
 F = Levels seen in this place.
 G = Mean time per level.
                   A        B        C        D        E       F      G
               +--------+--------+--------+--------+--------+-----+--------+
         Total |   3963 |   3890 |     73 |    613 |   1824 |   5 |  792.6 |
       Dungeon |   3276 |   3203 |     73 |    584 |   1540 |   4 |  819.0 |
         Sewer |    686 |    686 |      0 |     29 |    284 |   1 |  686.0 |
               +--------+--------+--------+--------+--------+-----+--------+

Top non-repeatable levels by time:
     D:1: 1117 daAuts
     D:2: 1036 daAuts
     D:3: 893 daAuts
   Sewer: 686 daAuts
     D:5: 228 daAuts
